 Dungeon Crawl Stone Soup version 0.27-a0-406-g23f261fbd2 (webtiles) character file.

Game seed: 15909948721504209971

8764 siradein the Arsonist (level 11, -3/68 HPs)
             Began as a Human Fire Elementalist on Feb 22, 2021.
             Was a Believer of Vehumet.
             Killed by an exploding Harold (41 damage)
             ... ignited by their inner flame
             ... on level 11 of the Dungeon on Feb 23, 2021.
             The game lasted 01:44:43 (17947 turns).

siradein the Arsonist (Human Fire Elementalist)    Turns: 17947, Time: 01:44:44

Health: -3/68      AC: 12    Str: 10    XL:     11   Next: 61%
Magic:  3/23       EV: 12    Int: 19    God:    Vehumet [**....]
Gold:   673        SH:  0    Dex: 14    Spells: 3/26 levels left

rFire    . . .     SeeInvis +   h - +2 short sword (speed)
rCold    . . .     Faith    .   (no shield)
rNeg     . . .     Spirit   .   r - +1 steam dragon scales
rPois    +         Reflect  .   c - +0 helmet
rElec    .         Harm     .   (no cloak)
rCorr    .         Rampage  .   d - +1 pair of gloves
Will     .....                  n - +0 pair of boots
Stlth    ++........             (no amulet)
HPRegen  0.21/turn              i - ring of poison resistance
MPRegen  0.18/turn              (no ring)

@: lethally poisoned (-3 -> -6)
A: hooves 1, slimy green scales 1, see invisible, strong 1, evolution 1
a: Renounce Religion


You were on level 11 of the Dungeon.
You worshipped Vehumet.
Vehumet was pleased with you.
You visited 2 branches of the dungeon, and saw 12 of its levels.

You collected 673 gold pieces.

Inventory:

Hand Weapons
 h - a +2 short sword of speed (weapon)
 j - a +2 dagger of holy wrath
 m - a +4 dagger of chaos
 o - a +4 great sword
 p - a +2 whip of freezing
 w - a +1 whip of flaming
Missiles
 k - 7 silver javelins
Armour
 c - a +0 helmet (worn)
 d - a +1 pair of gloves (worn)
 n - a +0 pair of boots (worn)
 r - +1 steam dragon scales (worn)
 t - a +1 robe of resistance
 C - +0 acid dragon scales
Jewellery
 i - a ring of poison resistance (left hand)
 v - a ring of ice
Wands
 u - a wand of flame (14)
 x - a wand of iceblast (11)
 y - a wand of random effects (16)
 A - a wand of charming (6)
Scrolls
 a - 2 scrolls of teleportation
 b - 2 scrolls of fog
 e - 11 scrolls of identify
 f - 3 scrolls of magic mapping
 g - 2 scrolls of enchant armour
 q - a scroll of enchant weapon
 D - a scroll of random uselessness {unknown}
Potions
 l - 9 potions of curing
 s - 2 potions of brilliance
 B - a potion of heal wounds


   Skills:
 - Level 2.0 Dodging
 - Level 2.0 Stealth
 + Level 8.1 Spellcasting
 + Level 10.5 Conjurations
 + Level 2.9 Hexes
 + Level 10.8 Fire Magic


You had 3 spell levels left.
You knew the following spells:

 Your Spells              Type           Power        Failure   Level
a - Foxfire               Conj/Fire      100%         1%          1
b - Sticky Flame          Conj/Fire      48%          1%          4
c - Conjure Flame         Conj/Fire      48%          1%          3
d - Inner Flame           Hex/Fire       34%          1%          3
e - Blink                 Tloc           N/A          14%         2
f - Fireball              Conj/Fire      24%          3%          5
g - Mephitic Cloud        Conj/Pois/Air  21%          6%          3
h - Searing Ray           Conj           94%          1%          2

Your spell library contained the following spells:

 Spells                   Type           Power        Failure   Level
 Magic Dart               Conj           100%         1%          1
 Dazzling Flash           Conj/Hex       66%          1%          3
 Slow                     Hex            19%          4%          2
 Beastly Appendage        Tmut           14%          9%          1
 Call Imp                 Summ           7%           14%         2
 Wereblood                Tmut           7%           14%         2
 Spider Form              Tmut/Pois      3%           26%         3
 Fulminant Prism          Conj/Hex       16%          5%          4
 Iskenderun's Mystic Bla  Conj/Tloc      27%          11%         4
 Ice Form                 Ice/Tmut       7%           65%         4
 Blade Hands              Tmut           3%           94%         5


Dungeon Overview and Level Annotations

Branches:
Dungeon (11/15)            Temple (1/1) D:7
   Lair: D:8-11         Orc: D:9-12

Altars:
Ashenzari
Cheibriados
Dithmenos
Elyvilon
Fedhas
Gozag
Hepliaklqana
Kikubaaqudgha
Makhleb
Nemelex Xobeh
Okawaru
Qazlal
Ru
Sif Muna
Trog
Uskayaw
Vehumet
Wu Jian
Xom
Yredelemnul
Zin
The Shining One

Shops:
D:5 *

Annotations:
D:9 2 runed translucent doors


Innate Abilities, Weirdness & Mutations

You have large cloven feet.
You are partially covered in slimy green scales. (AC +2)
You have supernaturally acute eyesight. (SInv)
Your muscles are strong. (Str +2)
You evolve.


Message History

Harold is covered in liquid flames!
Harold burns!
Harold hits you with a +1 short sword of protection!
Harold burns!
Casting: Sticky Flame (dangerous; 1% risk of failure)
Confirm with . or Enter, or press ? or * to list all spells.
Aiming: Inner Flame (safe; 1% risk of failure)
Press: ? - help, Shift-Dir - straight line, f/p - Harold
Aim: Harold, wielding a +1 short sword of protection, wearing a +0 scale mail and quivering 3 throwing nets (moderately wounded, covered in liquid flames, chance to affect: 59%) Harold is filled with an inner flame.
Harold burns!
Flame seeps out of Harold.
Harold is engulfed in blazing flames.
Flame seeps out of Harold.
Harold hits you with a +1 short sword of protection.
Harold burns!
Flame seeps out of Harold.
Harold is engulfed in blazing flames.
Flame seeps out of Harold.
Harold throws a throwing net.
The throwing net hits you.
You become entangled in the net!
You see here a throwing net.
You don't have enough magic to cast this spell.
You don't have enough magic to cast this spell.
You struggle against the net.
Harold burns!
Flame seeps out of Harold.
The killer bee stings you but does no damage.
The killer bee barely misses you.
Harold is engulfed in blazing flames.
Flame seeps out of Harold.
You tear a large gash into the net.
Harold burns!
Flame seeps out of Harold.
The killer bee stings you but does no damage. x2
Harold is engulfed in blazing flames.
Flame seeps out of Harold.
Harold hits you but does no damage.
Unknown command.
You struggle against the net.
Harold burns!
Flame seeps out of Harold.
The killer bee stings you. x2
You are poisoned.
The killer bee poisons you!
Harold is engulfed in blazing flames.
Flame seeps out of Harold.
Harold barely misses you.
You shred the net and break free!
You feel sick.
Harold burns!
Flame seeps out of Harold.
The killer bee barely misses you. x2
Harold is engulfed in blazing flames.
Vehumet accepts your kill.
You feel your power returning.
Harold explodes!
The fiery explosion engulfs you!!!
Ouch! That really hurt!
You die...

...###..c.##
# .... ....
#. ...# ...
#.. ...# ..
#.# ##..# .
.## #.##..#
.. #§§.# .#
##°## .
#§§@## ##. .
##..y#
....###
##..)$)..
.......
######.#
.......
.###+##


You could see a killer bee.

Vanquished Creatures
  Harold (D:11)
  An unseen horror (D:10)
  Pikel (D:6)
  Maggie (D:9)
  Psyche (D:8)
  5 trolls
  A wyvern (D:7)
  4 yaks (D:10)
  A steam dragon (D:5)
  8 orc warriors
  A meliai simulacrum (D:11)
  A black bear (D:6)
  3 ice beasts
  4 ogres
  2 sky beasts
  4 centaurs
  A lemure (D:6)
  2 phantoms
  5 bullfrogs
  A gnoll sergeant (D:5)
  5 scorpions
  2 killer bees (D:11)
  15 wights
  2 howler monkeys
  A centaur zombie (D:11)
  A quasit (D:9)
  7 orc priests
  4 hounds
  A jelly (D:5)
  3 bullfrog skeletons
  Jessica (D:2)
  Terence (D:4)
  Natasha (thrice) (D:4)
  5 iguanas
  15 orc wizards
  9 worker ants
  2 hound skeletons
  9 gnolls
  17 adders
  2 shadow imps
  2 white imps
  2 ufetubi
  3 adder zombies
  5 worms
  2 dart slugs
  11 leopard geckos
  36 orcs
  3 ball pythons
  4 giant cockroaches
  9 goblins
  7 hobgoblins
  6 jackals (D:3)
  11 kobolds
  A quokka (D:4)
  5 bats
  9 frilled lizards
  A leopard gecko skeleton (D:4)
  13 rats
283 creatures vanquished.

Vanquished Creatures (others)
  A killer bee (D:11)
  An orc (D:7)
  820 foxfires
  8 plants (D:5)
830 creatures vanquished.

Grand Total: 1113 creatures vanquished

Notes
Turn   | Place    | Note
-------+----------+-------------------------------------------
     0 | D:1      | siradein the Human Fire Elementalist began the quest for
                  | the Orb.
     0 | D:1      | Reached XP level 1. HP: 13/13 MP: 3/3
   208 | D:1      | Reached XP level 2. HP: 16/19 MP: 1/5
   871 | D:1      | Reached XP level 3. HP: 24/24 MP: 4/6
  1441 | D:2      | Reached XP level 4. HP: 30/30 MP: 5/7
  2201 | D:3      | Gained mutation: Your body sometimes deteriorates upon
                  | taking damage. [potion of mutation]
  2201 | D:3      | Gained mutation: You are somewhat resistant to further
                  | mutation. [potion of mutation]
  2202 | D:3      | Noticed Jessica
  2217 | D:2      | Killed Jessica
  2218 | D:2      | Reached XP level 5. HP: 35/35 MP: 5/8
  2277 | D:3      | Noticed Terence
  2791 | D:3      | Learned a level 1 spell: Magic Dart
  3013 | D:3      | Found a blossoming altar of Fedhas.
  3259 | D:3      | Learned a level 3 spell: Conjure Flame
  3587 | D:3      | Learned a level 3 spell: Inner Flame
  3756 | D:4      | Reached XP level 6. HP: 30/41 MP: 5/9
  3943 | D:4      | Reached skill level 5 in Fire Magic
  3965 | D:4      | Killed Terence
  4529 | D:4      | Noticed Natasha
  4538 | D:4      | Killed Natasha
  4706 | D:4      | Reached XP level 7. HP: 45/46 MP: 6/10
  4743 | D:4      | Noticed Natasha
  4755 | D:4      | Killed Natasha
  4948 | D:4      | Found a sparkling altar of Nemelex Xobeh.
  4955 | D:4      | Found a hazy altar of Hepliaklqana.
  4959 | D:4      | Found an iron altar of Okawaru.
  5133 | D:4      | Reached skill level 5 in Conjurations
  5263 | D:5      | Entered Level 5 of the Dungeon
  5415 | D:4      | Noticed Natasha
  5424 | D:4      | Killed Natasha
  5627 | D:5      | Noticed a steam dragon
  5717 | D:5      | You fall into a shaft and drop 2 floors!
  5725 | D:7      | Reached XP level 8. HP: 51/52 MP: 6/11
  5784 | D:7      | Lost mutation: Your body sometimes deteriorates upon taking
                  | damage. [potion of mutation]
  5784 | D:7      | Lost mutation: You are somewhat resistant to further
                  | mutation. [potion of mutation]
  5784 | D:7      | Gained mutation: You are partially covered in slimy green
                  | scales. (AC +2) [potion of mutation]
  5784 | D:7      | Gained mutation: You evolve. [potion of mutation]
  5784 | D:7      | Gained mutation: You are partially covered in yellow
                  | scales. (AC +2) [potion of mutation]
  5789 | D:7      | HP: 1/52 [orc warrior/+0 trident (7)]
  7200 | D:6      | Learned a level 4 spell: Sticky Flame
  7203 | D:6      | Learned a level 2 spell: Blink
  7636 | D:6      | Gained mutation: You have supernaturally acute eyesight.
                  | (SInv) [evolution]
  8348 | D:5      | Noticed Pikel
  8349 | D:5      | Reached XP level 9. HP: 44/57 MP: 11/14
  8556 | D:6      | Killed Pikel
  9150 | D:5      | Found Reir's General Store.
  9363 | D:5      | Reached skill level 5 in Spellcasting
  9573 | D:5      | Found a shimmering blue altar of Sif Muna.
  9579 | D:5      | Identified Sif Muna's Grimoire of the Ten Deaths
  9585 | D:5      | Found a bloodstained altar of Trog.
 10108 | D:5      | Reached XP level 10. HP: 63/63 MP: 11/18
 10905 | D:7      | Found a sacrificial altar of Ru.
 11451 | D:7      | Learned a level 5 spell: Fireball
 11455 | D:7      | Learned a level 3 spell: Mephitic Cloud
 11683 | D:7      | Found a staircase to the Ecumenical Temple.
 11698 | Temple   | Entered the Ecumenical Temple
 11747 | Temple   | Became a worshipper of Vehumet
 12161 | D:8      | Noticed Psyche
 12347 | D:7      | Gained mutation: Your muscles are strong. (Str +2)
                  | [evolution]
 13370 | D:9      | Reached * piety under Vehumet
 13370 | D:9      | Offered knowledge of Sandblast by Vehumet.
 13551 | D:9      | Noticed an ice dragon
 13552 | D:9      | Found a runed translucent door.
 13552 | D:9      | Noticed an ice dragon
 13553 | D:9      | Found the +2 shield of Resistance {rF++ rC++ Will++}
 13554 | D:9      | Noticed a fire dragon
 13555 | D:9      | Found a runed translucent door.
 13555 | D:9      | Noticed a fire dragon
 14314 | D:9      | Noticed Maggie
 14337 | D:9      | Killed Maggie
 14338 | D:9      | Reached skill level 10 in Fire Magic
 14594 | D:9      | Lost mutation: You are partially covered in yellow scales.
                  | (AC +2) [evolution]
 15143 | D:9      | Found a shadowy altar of Dithmenos.
 15143 | D:9      | Found a stormy altar of Qazlal.
 15259 | D:10     | Entered Level 10 of the Dungeon
 15265 | D:10     | Reached XP level 11. HP: 68/68 MP: 12/21
 15268 | D:10     | Offered knowledge of Searing Ray by Vehumet.
 15372 | D:8      | Killed Psyche
 15372 | D:8      | Reached ** piety under Vehumet
 15650 | D:10     | Learned a level 2 spell: Searing Ray
 15660 | D:10     | Reached skill level 10 in Conjurations
 15802 | D:10     | Reached skill level 1 in Hexes
 16118 | D:10     | Noticed an unseen horror
 16135 | D:10     | Killed an unseen horror
 16797 | D:11     | Noticed an eight-headed hydra
 16878 | D:11     | Noticed a two-headed ogre
 17372 | D:10     | Gained mutation: You have large cloven feet. [evolution]
 17404 | D:11     | Noticed Harold
 17707 | D:11     | Noticed a boulder beetle
 17947 | D:11     | Killed Harold
 17947 | D:11     | Killed by an exploding Harold... ignited by their inner
                  | flame

Illustrated notes

Levels and vault maps discovered:
D:1:      dpeg_arrival_yet_another_circle, layout_rooms
D:2:      layout_loops_ring, minmay_rat_gold_closets
D:3:      layout_loops_ring, nicolae_overflow_crystal_walls,
          kennysheep_generic_room_5, uniq_jessica, uniq_terence
D:4:      layout_cave_pods, minitemple, uniq_natasha
D:5:      layout_basic, nzn_overflow_gifts_of_might_and_magic, serial_shops,
          shop, minmay_lizard_king, uniq_pikel
D:6:      layout_loops_corners
D:7:      layout_loops_ring, kennysheep_little_box,
          minmay_temple_entry_antechambers
D:8:      layout_cave_pools, uniq_psyche
D:9:      layout_stronghold, gammafunk_temple_overflow_wave,
          minmay_guarded_unrand_resistance, uniq_maggie
D:10:     layout_small_grid, st_stairs_6, minivault_5
D:11:     layout_rooms, david_lair_generic, orc_0_dummy, special_room
          [special_room_orc], grunt_potential, uniq_harold
Temple:   cyrus_circular_temple

Skill      XL: |  1  2  3  4  5  6  7  8  9 10 11 |
---------------+----------------------------------+-----
Conjurations   | 2 3 4 5 6 8 9 10 | 10.5
Fire Magic     | 4 5 6 7 8 10 | 10.8
Spellcasting   | 3 5 7 8 |  8.1
Hexes          | 2 |  2.9
Dodging        | |  2.0
Stealth        | |  2.0

Action                   |  1- 3 |  4- 6 |  7- 9 | 10-12 || total
-------------------------+-------+-------+-------+-------++-------
Melee: Short sword       |    15 |   150 |    38 |     7 ||   210
       Great sword       |       |       |    43 |     7 ||    50
       Dagger            |       |       |    13 |       ||    13
       Whip              |       |       |       |    18 ||    18
 Cast: Foxfire           |    42 |    71 |   182 |   182 ||   477
       Magic Dart        |       |     8 |       |       ||     8
       Conjure Flame     |       |       |     9 |    11 ||    20
       Inner Flame       |       |       |    19 |   102 ||   121
       Sticky Flame      |       |       |     4 |    10 ||    14
       Blink             |       |       |     3 |       ||     3
       Mephitic Cloud    |       |       |       |     6 ||     6
       Fireball          |       |       |       |     1 ||     1
  Use: Potion            |       |     6 |     5 |     2 ||    13
       Scroll            |       |     3 |     3 |     7 ||    13
 Stab: Sleeping          |     3 |     1 |     1 |       ||     5
Armor: Robe              |     3 |    27 |    66 |       ||    96
       Steam dragon scal |       |       |     1 |    57 ||    58
       Skin              |       |       |       |     1 ||     1
Dodge: Dodged            |    10 |    88 |   110 |    70 ||   278
       Rpst.: Great sword |       |       |    20 |     3 ||    23

Table legend: (Time is in decaauts)
 A = Elapsed time spent in this place.
 B = Non-inter-level travel time spent in this place.
 C = Inter-level travel time spent in this place.
 D = Time resting spent in this place.
 E = Time spent auto-exploring this place.
 F = Levels seen in this place.
 G = Mean time per level.
                   A        B        C        D        E       F      G
               +--------+--------+--------+--------+--------+-----+--------+
         Total |  17931 |  17496 |    435 |   3525 |  10231 |  12 | 1494.2 |
       Dungeon |  17871 |  17436 |    435 |   3525 |  10187 |  11 | 1624.6 |
        Temple |     60 |     60 |      0 |      0 |     44 |   1 |   60.0 |
               +--------+--------+--------+--------+--------+-----+--------+

Top non-repeatable levels by time:
     D:6: 3685 daAuts
     D:9: 2360 daAuts
    D:10: 2033 daAuts
     D:4: 1790 daAuts
     D:5: 1573 daAuts
     D:7: 1494 daAuts
     D:2: 1426 daAuts
     D:3: 1343 daAuts
     D:1: 926 daAuts
     D:8: 919 daAuts
    D:11: 317 daAuts
  Temple: 60 daAuts
